Map: 카이로스 정션 - 래더

Players

Solar - Winner!

  • Race: Zerg Zerg
  • League: Master
  • Spawn Location: 5:00

Zest

  • Race: Protoss Protoss
  • League: Master
  • Spawn Location: 11:00

Event: IEM Season 13 - Katowice Server Qualifiers Asia 1

VOD

Have the link to the VOD?

Description

Time

  • Played on: Jan. 14, 2019, 4:32 a.m.
  • Length: 11:30

All games in this series

Show
View Real Time Build Order
Export as new Build Order

Solar Zerg - Winner!

Build Orders: Hatch First 

Get SALT Encoding   

  12  0:01  Drone  
  13  0:12  Overlord  
  13  0:16  Drone  
  14  0:30  Drone  
  15  0:42  Drone  
  16  0:48  Hatchery  
  15  0:51  Drone  
  15  0:56  Drone  
  17  0:59  Drone  
  18  1:10  Extractor  
  17  1:14  Spawning Pool  
  17  1:18  Drone  
  17  1:21  Drone  
  18  1:28  Drone  
  19  1:38  Drone  
  20  1:50  Hatchery  
  20  1:51  Drone  
  20  2:01  Queen  
  20  2:03  Drone  
  20  2:07  Drone  
  24  2:18  Drone  
  24  2:22  Overlord  
  25  2:29  Queen  
  25  2:33  Drone  
  25  2:37  Pneumatized Carapace  
  28  2:41  Drone x3  
  28  2:43  Drone  
  28  2:44  Drone  
  33  2:53  Overlord  
  33  2:54  Drone  
  34  3:02  Queen  
  34  3:04  Drone x3  
  39  3:14  Drone  
  39  3:19  Drone x2  
  42  3:23  Lair  
  42  3:25  Overlord  
  42  3:32  Overlord  
  42  3:35  Overlord  
  42  3:42  Roach Warren  
  42  3:43  Queen  
  42  3:44  Drone x3  
  42  3:46  Drone x2  
  48  3:49  Extractor, Drone  
  48  3:50  Extractor, Drone  
  48  3:52  Drone  
  48  3:54  Drone  
  51  3:55  Drone  
  51  3:58  Drone  
  51  3:59  Drone  
  51  4:00  Drone  
  54  4:03  Overlord  
  54  4:05  Drone  
  55  4:11  Drone  
  56  4:17  Overlord  
  56  4:22  Roach x5  
  66  4:26  Overseer  
  66  4:28  Roach x2  
  66  4:31  Drone  
  71  4:33  Roach, Spore Crawler  
  72  4:44  Glial Reconstitution  
  72  4:45  Drone x3  
  72  4:48  Drone  
  72  4:49  Drone  
  72  4:50  Drone x2  
  74  4:52  Drone  
  74  4:53  Drone  
  74  4:54  Drone  
  74  4:56  Drone  
  74  4:57  Drone x2  
  74  4:58  Drone  
  80  5:01  Roach  
  80  5:02  Overlord  
  80  5:05  Overlord  
  82  5:12  Extractor x2  
  82  5:13  Roach  
  82  5:17  Overlord  
  78  5:21  Roach x2  
  78  5:22  Roach  
  78  5:27  Roach x4  
  92  5:32  Metabolic Boost  
  92  5:40  Drone x3  
  90  5:44  Drone x3  
  90  5:45  Drone  
  90  5:48  Drone x2  
  91  5:52  Drone  
  91  5:55  Queen  
  94  5:57  Roach x5  
  94  5:59  Overlord  
  94  6:00  Overlord  
  104  6:08  Overlord, Spire  
  104  6:09  Overlord  
  103  6:12  Overlord  
  103  6:18  Overlord  
  101  6:19  Drone x2  
  97  6:25  Drone x2  
  97  6:26  Drone  
  97  6:27  Zergling x8  
  97  6:29  Roach x2  
  97  6:30  Zergling x2  
  109  6:33  Overlord  
  109  6:36  Zergling x2  
  109  6:38  Drone  
  111  6:40  Extractor  
  111  6:43  Overlord  
  110  6:50  Overlord x2  
  110  7:00  Drone x2  
  113  7:01  Drone  
  113  7:14  Queen  
  113  7:21  Mutalisk x9  
  129  7:25  Hatchery  
  129  7:29  Roach x2  
  133  7:37  Roach x7  
  133  7:40  Overlord  
  133  7:43  Roach x2  
  149  7:45  Roach  
  149  7:46  Roach  
  149  7:48  Roach  
  149  7:51  Overlord  
  155  7:54  Ravager  
  155  7:56  Drone  
  155  7:57  Overlord  
  157  8:04  Roach  
  159  8:08  Roach x5  
  159  8:12  Ravager  
  169  8:13  Roach, Ravager  
  169  8:17  Roach  
  171  8:20  Overlord  
  171  8:22  Roach x3  
  171  8:25  Overlord  
  175  8:27  Roach x3  
  179  8:37  Roach x2  
  179  8:41  Ravager x2  
  183  8:42  Roach x2  
  183  8:47  Roach  
  183  8:48  Roach  
  185  8:53  Roach  
  185  8:54  Roach  
  174  8:58  Roach x3  
  174  9:02  Roach x3  
  170  9:05  Ravager  
  169  9:10  Roach x3  
  169  9:15  Roach x3  
  181  9:23  Roach  
  181  9:24  Roach x2  
  187  9:25  Hatchery  
  187  9:29  Ravager x2  
  187  9:30  Ravager  
  187  9:35  Roach x3  
  191  9:41  Roach x3  
  197  9:53  Zergling x4  
  199  10:12  Roach x2  
  193  10:15  Roach x2  
  193  10:17  Roach x3  
  193  10:19  Roach x3  
  183  10:21  Roach x2  
  183  10:22  Roach  
  183  10:23  Roach  
  183  10:24  Roach x2  
  183  10:25  Roach  
  175  10:31  Overseer  
  175  10:32  Roach x2  
  175  10:35  Roach x3  
  168  10:41  Hydralisk Den  
  156  10:44  Roach x6, Evolution Chamber  
  156  10:49  Roach x2  
  158  10:50  Roach  
  158  10:56  Roach  
  152  10:58  Overseer  
  152  11:02  Zergling x2  
  152  11:03  Zergling x4  
  143  11:05  Zergling x6  
  143  11:09  Zergling x2  
  143  11:10  Roach x2  
Show
View Real Time Build Order
Export as new Build Order

Zest Protoss 

Build Orders: 1 Gate Expand, Phoenix Opening, Archon Immortal, Archon Drop, Dark Templar Rush 

Get SALT Encoding   

  12  0:00  Probe  
  13  0:12  Probe  
  14  0:17  Pylon  
  14  0:24  Probe  
  15  0:32  Probe  
  15  0:37  Gateway  
  15  0:40  Probe  
  16  0:47  Assimilator  
  17  0:51  Probe  
  18  1:03  Probe  
  19  1:15  Probe  
  20  1:24  Nexus  
  20  1:34  Cybernetics Core  
  20  1:37  Probe  
  21  1:43  Assimilator  
  21  1:49  Probe  
  21  1:52  Pylon  
  22  2:01  Probe  
  22  2:02  Sentry  
  23  2:13  Warp Gate  
  23  2:14  Probe  
  26  2:25  Probe  
  26  2:26  Stalker  
  29  2:32  Probe  
  29  2:33  Probe  
  29  2:35  Phoenix  
  30  2:40  Probe  
  30  2:42  Probe, Twilight Council  
  31  2:50  Probe  
  33  2:52  Probe  
  33  2:55  Robotics Facility  
  35  3:02  Probe  
  35  3:05  Probe  
  37  3:10  Probe  
  37  3:14  Gateway  
  37  3:17  Probe  
  39  3:21  Dark Shrine  
  39  3:22  Probe  
  40  3:29  Adept  
  40  3:32  Warp Prism  
  40  3:33  Gateway  
  43  3:36  Gateway  
  42  3:46  Pylon  
  45  3:48  Probe  
  45  3:50  Probe  
  45  3:53  Assimilator  
  46  3:56  Assimilator  
  46  4:04  Probe x2  
  46  4:05  Warp Prism, Pylon  
  50  4:19  Probe x2  
  52  4:34  Dark Templar x3  
  52  4:35  Probe  
  52  4:36  Probe  
  60  4:45  Dark Templar  
  60  4:53  Probe  
  60  4:54  Probe  
  60  4:59  Archon  
  62  5:01  Archon  
  62  5:04  Pylon  
  62  5:05  Pylon  
  62  5:18  Observer  
  62  5:22  Probe x2  
  62  5:25  Dark Templar x3  
  71  5:28  Nexus  
  71  5:30  Pylon  
  71  5:32  Pylon  
  71  5:35  Immortal  
  71  5:47  Probe  
  76  5:53  Dark Templar  
  78  6:00  Archon x2  
  78  6:05  Immortal  
  78  6:08  Probe  
  79  6:13  Charge  
  79  6:15  Probe, Forge  
  84  6:21  Probe  
  84  6:22  Observer  
  85  6:28  Gateway x2  
  85  6:29  Probe  
  85  6:30  Gateway  
  85  6:31  Gateway  
  86  6:33  Probe  
  86  6:35  Immortal  
  86  6:38  Protoss Ground Weapons Level 1  
  86  6:39  Pylon  
  87  6:41  Assimilator  
  87  6:43  Assimilator  
  87  6:45  Probe x2  
  93  6:50  Sentry  
  93  6:51  Sentry  
  97  7:00  Probe  
  97  7:01  Probe  
  99  7:02  Probe  
  99  7:08  Pylon  
  100  7:13  Probe x2  
  100  7:14  Probe, Zealot x2  
  107  7:20  Immortal  
  111  7:23  Dark Templar x2  
  111  7:24  Zealot  
  111  7:26  Probe  
  111  7:27  Probe, Adept  
  122  7:31  Stalker  
  122  7:36  Stalker  
  125  7:38  Photon Cannon  
  125  7:41  Shield Battery  
  125  7:45  Pylon  
  125  7:52  Blink  
  125  8:06  Pylon  
  125  8:07  Pylon  
  125  8:08  Archon  
  125  8:10  Stalker  
  121  8:18  Stalker x6  
  133  8:25  Stalker  
  115  8:58  Zealot x6  
  115  8:59  Zealot x2  
  121  9:25  Stalker x4  
  121  9:27  Stalker  
  121  9:28  Stalker  
  133  9:41  Pylon  
  133  9:43  Pylon  
  133  9:44  Pylon  
  133  9:51  Immortal  
  132  9:56  Nexus  
  132  10:03  Sentry x3  
  132  10:04  Sentry x4  
  132  10:05  Sentry  
  118  10:24  Stalker  
  106  10:31  Stalker x5  
  106  10:34  Stalker  
  74  11:06  Stalker x7  

Tags
 
Add a new tag
Caveats
  • Supply blocks, unpowered buildings, or Contaminate may cause inaccurate times.
  • Supply counts are checked every 10 seconds.